 Dungeon Crawl Stone Soup version 0.29.0-4-gdea44cf6ec (webtiles) character file.

Game seed: 14706977797906012312

46 qw the Chopper (level 3, -3/21 HPs)
             Began as a Tengu Warper on Aug 28, 2022.
             Slain by Grinder (8 damage)
             ... on level 3 of the Dungeon.
             The game lasted 00:00:08 (1869 turns).

qw the Chopper (Tengu Warper)                       Turns: 1869, Time: 00:00:09

Health: -3/21      AC:  5    Str: 13    XL:     3   Next: 66%
Magic:  7/7        EV: 11    Int: 13    God:
Gold:   195        SH:  5    Dex: 13    Spells: 6/6 levels left

rFire   . . .      SeeInvis .   Y - +0 hand axe
rCold   . . .      Faith    .   (no shield)
rNeg    . . .      Spirit   .   j - +0 ring mail
rPois   .          Reflect  +   (helmet restricted)
rElec   .          Harm     .   (no cloak)
rCorr   .          Rampage  .   (no gloves)
Will    .....                   (boots unavailable)
Stlth   +.........              l - amulet of reflection
HPRegen 0.07/turn               (no ring)
MPRegen 0.10/turn               (no ring)

@: no status effects
A: beak, talons 3
a: no special abilities


You were on level 3 of the Dungeon.
You visited 1 branch of the dungeon, and saw 3 of its levels.

You collected 195 gold pieces.


Innate Abilities, Weirdness & Mutations

You have a beak for a mouth.
You have claws for feet.


   Skills:
 - Level 2.0 Fighting
 + Level 4.3 Axes
 - Level 1.0 Throwing
 - Level 1.1 Armour
 - Level 2.1 Dodging
 - Level 2.0 Spellcasting
 - Level 2.4 Translocations


You had 6 spell levels left.
You didn't know any spells.
Your spell library contained the following spells:

 Spells                   Type           Power      Damage    Failure   Level
 Blink                    Tloc           14%        N/A       30%         2
 Gell's Gravitas          Tloc           7%         N/A       52%         3
 Lesser Beckoning         Tloc           7%         N/A       52%         3
 Teleport Other           Tloc           7%         N/A       52%         3
 Manifold Assault         Tloc           7%         N/A       99%         5

Inventory:

Hand Weapons
 d - a +0 mace
 Y - a +0 hand axe (weapon)
Armour
 j - a +0 ring mail (worn)
Jewellery
 l - an amulet of reflection (around neck)
Scrolls
 a - a scroll of identify
Potions
 b - a potion of attraction {unknown}
 c - a potion of might {unknown}
 h - a potion of degeneration {unknown}
 k - a potion of brilliance {unknown}

Dungeon Overview and Level Annotations

Branches:
Dungeon (3/15)

Altars:

Shops:
D:2 =

Annotations:
D:3 Grinder, Jessica


Message History

An endoplasm comes into view.
You hit the endoplasm.
You peck the endoplasm, but do no damage.
The endoplasm is heavily wounded.
The endoplasm misses you.
You hit the endoplasm. You claw the endoplasm.
You kill the endoplasm!
Grinder comes into view.
Grinder shouts!
You hear a shout! x3
Grinder gestures at you. You resist with significant effort.
You hear a shout! x3
1853 ||| Stepping ~*~*~tactically~*~*~ (hiding).
You start waiting.
Grinder is nearby!
Grinder blinks!
1858 ||| Stepping ~*~*~tactically~*~*~ (hiding).
You start waiting.
Grinder is nearby!
Grinder blinks!
You start waiting.
Grinder is nearby!
You block Grinder's attack.
You hit Grinder. You claw Grinder, but do no damage.
You peck Grinder, but do no damage.
Grinder is lightly wounded.
Grinder hits you but does no damage.
You hit Grinder.
Grinder is moderately wounded.
You block Grinder's attack.
You hit Grinder. You claw Grinder! You peck Grinder, but do no damage.
Grinder is heavily wounded.
Grinder hits you.
You writhe in agony.
You hit Grinder. You peck Grinder, but do no damage.
Grinder is heavily wounded.
Grinder closely misses you.
You closely miss Grinder. You claw Grinder.
Grinder is severely wounded.
Grinder hits you.
You writhe in agony.
Grinder hits you!
You die...

#..... #..... .... #..... ...#
#..... ...@ #..... ...# ####.#
...# ######### #<# ...
#.##.......# #.# #.#
#....5@.##.##########.#
.@############.##.##.##....>....#
#............# #.......#########
....###.####.# ####.####
#.#./.#.####.#.#####.#
........<..#.#.......#
..#...#.##.#.#########
..#.###.......# ......%.##.##.#


You could see Grinder.

Vanquished Creatures
  A worm (D:2)
  2 dart slugs
  A ball python (D:1)
  5 endoplasms
  4 giant cockroaches (D:1)
  3 goblins
  5 hobgoblins
  2 kobolds (D:1)
  2 quokkas
  5 bats
  4 rats
34 creatures vanquished.

Notes
Turn   | Place    | Note
-------+----------+-------------------------------------------
     0 | D:1      | qw the Tengu Warper began the quest for the Orb.
     0 | D:1      | Reached XP level 1. HP: 12/12 MP: 4/4
     0 | D:1      | 0 ||| qw: Version: 0.1-a-89-g26bdef1
     0 | D:1      | 0 ||| qw: Game counter: 3296
     0 | D:1      | 0 ||| qw: Always use a shield: true
     0 | D:1      | 0 ||| qw: God list: Okawaru
     0 | D:1      | 0 ||| qw: Allow faded altars: false
     0 | D:1      | 0 ||| qw: Do Orc after D:15 true
     0 | D:1      | 0 ||| qw: Do second Lair branch before Depths: true
     0 | D:1      | 0 ||| qw: Lair rune preference: random
     0 | D:1      | 0 ||| qw: Plans: Normal
     0 | D:1      | 0 ||| PLANNING D:1-11
   198 | D:1      | Reached XP level 2. HP: 17/17 MP: 6/6
   212 | D:1      | Reached skill level 3 in Axes
   351 | D:1      | Found a faded altar of an unknown god.
   619 | D:1      | 619 ||| UPGRADING to +0 ring mail.
   629 | D:1      | 629 ||| DROPPING +0 leather armour.
   630 | D:1      | 630 ||| UPGRADING to amulet of reflection.
   635 | D:1      | 635 ||| READING 2 scrolls labelled BOAH UQOUWASCH.
   636 | D:1      | 636 ||| READING scroll labelled OBUESE JOSUASE.
   637 | D:1      | 637 ||| READING scroll labelled NANYMOHIOCS.
   638 | D:1      | 638 ||| DROPPING scroll of summoning.
   639 | D:1      | 639 ||| DROPPING scroll of blinking.
   669 | D:2      | Reached XP level 3. HP: 17/21 MP: 7/7
   669 | D:2      | 669 ||| STAIRDANCE
   852 | D:2      | Found Unycvut's Jewellery Emporium.
   861 | D:2      | 861 ||| SHOPLISTING +6 ring of dexterity (468 gold, have
                  | 96).
   861 | D:2      | 861 ||| SHOPLISTING ring of ice (325 gold, have 96).
   861 | D:2      | 861 ||| SHOPLISTING ring of protection from fire (325 gold,
                  | have 96).
   901 | D:2      | Reached skill level 4 in Axes
  1669 | D:3      | Noticed Jessica
  1670 | D:3      | 1670 ||| FLEEEEING.
  1675 | D:3      | 1675 ||| FLEEEEING.
  1677 | D:3      | 1677 ||| STAIRDANCE
  1790 | D:2      | 1790 ||| READING scroll labelled EPSUEL QIFISOD.
  1852 | D:3      | Noticed Grinder
  1853 | D:3      | 1853 ||| Stepping ~*~*~tactically~*~*~ (hiding).
  1858 | D:3      | 1858 ||| Stepping ~*~*~tactically~*~*~ (hiding).
  1869 | D:3      | HP: 5/21 [Grinder (5)]
  1869 | D:3      | Slain by Grinder

Levels and vault maps discovered:
D:1:      ncdulo_halloftheorcs, layout_basic, ebering_ecumenical_altar_box,
          minmay_worlds_worst_comb
D:2:      layout_loops_ring, serial_shops, shop_fountains
D:3:      layout_loops_cross, uniq_grinder, uniq_jessica, uniq_robin

Skill      XL: |  1  2  3 |
---------------+----------+-----
Axes           | 3 4 |  4.3
Fighting       | |  2.0
Throwing       | |  1.0
Armour         | |  1.1
Dodging        | |  2.1
Spellcasting   | |  2.0
Translocations | |  2.4

Action                   || total
-------------------------++-------
Melee: Hand axe          ||    51
       Kick              ||    14
       Peck              ||    11
Throw: Boomerang         ||    30
  Use: Scroll            ||     4
Armor: Leather armour    ||     5
       Ring mail         ||     9
Dodge: Dodged            ||    13
Block: Other             ||     3

Table legend:
 A = Non-vault XP
 B = Vault XP
 C = Vault XP percentage of total XP
 D = Non-vault monster count
 E = Vault monster count
 F = Vault count percentage of total count
                 A         B        C        D         E       F
            +---------+---------+-------+---------+---------+-------
      Total |      60 |       6 |   9.1 |      31 |       3 |   8.8
            +---------+---------+-------+---------+---------+-------
        D:1 |      27 |       6 |  18.2 |      14 |       3 |  17.6
        D:2 |      24 |       0 |   0.0 |      11 |       0 |   0.0
        D:3 |       9 |       0 |   0.0 |       6 |       0 |   0.0
            +---------+---------+-------+---------+---------+-------
